 Dungeon Crawl Stone Soup version 0.24.1-4-ge52af88ad5 (webtiles) character file.

Game seed: 14356983846273812381, levelgen mode: deterministic

17661 Amplified the Fighter (level 12, -5/100 HPs)
             Began as a Demonspawn Earth Elementalist on Apr 16, 2020.
             Was a Priest of Ashenzari.
             Slain by a killer bee (8 damage)
             ... on level 13 of the Dungeon.
             The game lasted 00:19:53 (10512 turns).

Amplified the Fighter (DsEE)                       Turns: 10512, Time: 00:19:53

Health: -5/100     AC: 27    Str: 12    XL:     12   Next: 20%
Magic:  0/15       EV:  6    Int: 22    God:    Ashenzari [***...]
Gold:   559        SH:  0    Dex: 18    Spells: 10/15 levels left

rFire    + + +     SeeInvis +   x - +9 whip of Conformity {flame, *Drain +Blink rF++ Int+4 Dex+2} (curse)
rCold    + + .     Gourm    .   (no shield)
rNeg     . . .     Faith    .   I - +1 crystal plate armour {rC+}
rPois    .         Spirit   +   (helmet unavailable)
rElec    .         Reflect  .   i - scarf {rC+ rF+} (curse)
rCorr    .         Harm     .   o - +2 pair of gloves (curse)
MR       .....                  a - +1 pair of boots (curse)
Stlth    ..........             K - amulet of rage
HPRegen  0.66/turn              n - ring of wizardry
MPRegen  0.14/turn              r - +4 ring of evasion

@: lethally poisoned (-5 -> -39), berserk cooldown, slowed, very slow
A: claws 1, fangs 1, horns 3, talons 2, powered by pain 2, regeneration 1,
strong 1, magic shield
a: Curse Item, Scrying, Renounce Religion, Evoke Blink, Evoke Berserk Rage


You were on level 13 of the Dungeon.
You worshipped Ashenzari.
Ashenzari was most pleased with you.
You were near starving.

You visited 2 branches of the dungeon, and saw 14 of its levels.
You also visited: Sewer and Ice Cave.

You collected 891 gold pieces.
You spent 332 gold pieces at shops.

Inventory:

Hand Weapons
 u - a +2 long sword of flaming
 x - the cursed +9 whip of Conformity (weapon) {flame, *Drain +Blink rF++ Int+4 Dex+2}
   (You found it on level 4 of the Dungeon)

   It has been specially enchanted to burn those struck by it, causing extra
   injury to most foes and up to half again as much damage against particularly
   susceptible opponents.
   It affects your intelligence (+4).
   It affects your dexterity (+2).
   It greatly protects you from fire.
   It lets you blink.
   It causes draining when unequipped.
   It has a curse placed upon it.
 E - the +8 long sword of Overwhelming Force {elec, rF+ Int+4}
   (You found it on level 6 of the Dungeon)

   Occasionally, upon striking a foe, it will discharge some electrical energy
   and cause terrible harm.
   It affects your intelligence (+4).
   It protects you from fire.
 H - a +1 antimagic demon whip
Missiles
 b - 578 stones
 j - 23 poisoned darts
 t - 2 throwing nets (quivered)
 B - 4 curare-tipped darts
Armour
 a - a cursed +1 pair of boots (worn)
 c - a +0 robe
 f - a +0 ring mail
 i - a cursed scarf of resistance (worn)
 o - a cursed +2 pair of gloves (worn)
 s - a +1 leather armour of cold resistance
 w - the +3 ring mail "Udosh" {Int+4}
   (You found it on level 4 of the Dungeon)

   It affects your intelligence (+4).
 y - a +0 cloak of cold resistance
 I - a +1 crystal plate armour of cold resistance (worn)
 S - a +0 shield
Jewellery
 n - a ring of wizardry (left hand)
 r - a +4 ring of evasion (right hand)
 z - an uncursed amulet of regeneration
 C - an uncursed amulet of the acrobat
 K - an amulet of rage (around neck)
 N - a +3 ring of dexterity
 T - an uncursed ring of fire
 U - a +4 ring of evasion
Wands
 h - a wand of polymorph (12)
 D - a wand of acid (10)
 G - a wand of digging (5)
 O - a wand of paralysis (8)
 R - a wand of flame (21)
Scrolls
 e - 2 scrolls of amnesia
 k - 4 scrolls of immolation
 p - a scroll of teleportation
 q - 2 scrolls of enchant weapon
 v - 3 scrolls of blinking
 J - a scroll of identify
 M - a scroll of magic mapping
Potions
 g - 2 potions of brilliance
 l - 4 potions of flight
 m - 2 potions of mutation
 A - 4 potions of curing
 F - 2 potions of ambrosia
 L - a potion of heal wounds
 P - a potion of magic
Miscellaneous
 Q - a box of beasts
Comestibles
 d - 21 rations


   Skills:
 * Level 11.4 Fighting
 - Level 9.9(12.6) Maces & Flails
 * Level 8.0(10.9) Armour
 + Level 7.9 Dodging
 - Level 1.7 Stealth
 - Level 2.3 Unarmed Combat
 - Level 2.0 Spellcasting
 - Level 0.8 Transmutations
 - Level 2.6 Earth Magic
 + Level 1.9 Evocations


You had 10 spell levels left.
You knew the following spells:

 Your Spells              Type           Power        Failure   Level  Hunger
a - Passwall              Tmut/Erth      ##......     100%        2    ##.....
b - Stone Arrow           Conj/Erth      #.....       100%        3    ###....

Your spell library contained the following spells:

 Spells                   Type           Power        Failure   Level  Hunger
 Magic Dart               Conj           #...         100%        1    #......
 Sandblast                Erth           ##....       100%        1    #......
 Blink                    Tloc           N/A          100%        2    ##.....
 Call Imp                 Summ           #.......     100%        2    ##.....
 Searing Ray              Conj           #.....       100%        2    ##.....
 Shroud of Golubria       Chrm/Tloc      #.....       100%        2    ##.....
 Slow                     Hex            #.......     100%        2    ##.....
 Conjure Flame            Conj/Fire      #.......     100%        3    ###....
 Dazzling Spray           Conj/Hex       #.....       100%        3    ###....
 Gell's Gravitas          Tloc           #.........   100%        3    ###....
 Lesser Beckoning         Tloc           #.........   100%        3    ###....
 Mephitic Cloud           Conj/Pois/Air  #.......     100%        3    ###....
 Teleport Other           Tloc           #.......     100%        3    ###....
 Force Lance              Conj/Tloc      #.......     100%        4    #####..
 Fulminant Prism          Conj/Hex       #.........   100%        4    #####..
 Iskenderun's Mystic Bla  Conj           #.......     100%        4    #####..
 Passage of Golubria      Tloc           N/A          100%        4    #####..
 Petrify                  Tmut/Erth      ##......     100%        4    #####..
 Bolt of Magma            Conj/Fire/Erth #.........   100%        5    ######.
 Iskenderun's Battlesphe  Conj/Chrm      #.......     100%        5    ######.
 Lee's Rapid Deconstruct  Erth           ##........   100%        5    ######.
 Venom Bolt               Conj/Pois      #.........   100%        5    ######.
 Iron Shot                Conj/Erth      #.........   100%        6    #######
 Orb of Destruction       Conj           #.........   100%        7    #######
 Spellforged Servitor     Conj/Summ      #.........   100%        7    #######


Dungeon Overview and Level Annotations

Branches:
Dungeon (13/15)            Temple (1/1) D:5            Lair (0/6) D:11
    Orc (0/2) D:11          Sewer (visited)           IceCv (visited)
 Vaults: D:13-14

Altars:
Ashenzari
Cheibriados
Dithmenos
Elyvilon
Fedhas
Gozag
Hepliaklqana
Kikubaaqudgha
Makhleb
Nemelex Xobeh
Okawaru
Qazlal
Ru
Sif Muna
Trog
Uskayaw
Vehumet
Wu Jian
Xom
Yredelemnul
Zin
The Shining One

Shops:
D:6 }

Annotations:
D:12 3 runed translucent doors, Lynicrei's ghost, journeyman TrMo


Innate Abilities, Weirdness & Mutations

You have sharp fingernails.
You have a pair of large horns on your head.
You have razor-sharp toenails.
You sometimes gain power by taking damage.
When hurt, damage is shared between your health and your magic reserves.
You have very sharp teeth.
Your natural rate of healing is unusually fast.
Your muscles are strong. (Str +2)


Message History

The killer bee buzzes angrily.
You hear an angry buzzing noise. x2
You feel a strong urge to attack something.
You are no longer berserk.
You are exhausted.
You feel yourself slow down.
* * * LOW HITPOINT WARNING * * *
You feel very sick.
You hear an angry buzzing noise.
The killer bee barely misses you. x2
There is a stone staircase leading up here.
* * * LOW HITPOINT WARNING * * *
You feel extremely sick. The killer bee stings you!
* * * LOW HITPOINT WARNING * * *
The killer bee stings you but does no damage.
The killer bee stings you!
* * * LOW HITPOINT WARNING * * *
The killer bee stings you but does no damage. x3
The killer bee stings you!
You die...

* , , #.,
<....... , ,
.. #..... ,
* ,
##.###..#.#
* * *
#......... ,
, #........#
* #........#
* *,
#........# *
, *
*#.@..#####.
*
#yyy.......
* , ,
,#yyy.#####.
, ,
,{{#y)..# *
,, ,
%........,,
,
*#####...###
, , ,{
..###*, > ,
, , ,
,.##*** ,
,(* , , ,


You could see 7 killer bees.

Vanquished Creatures
  A reaper (IceCv)
  A hydra (D:11)
  A two-headed ogre (D:9)
  Pikel (D:5)
  A manticore (D:11)
  A cyclops (D:12)
  2 ice statues (IceCv)
  A gargoyle (D:11)
  A komodo dragon (D:11)
  6 ice devils (IceCv)
  A queen bee (D:13)
  2 meliai (D:13)
  A hornet (D:8)
  4 hippogriffs
  4 slime creatures (D:12)
  Grinder (D:5)
  A wyvern (D:9)
  A wraith (D:12)
  9 yaks (D:10)
  A steam dragon (D:8)
  3 wargs (D:11)
  A water moccasin (D:10)
  6 sky beasts
  Purgy (Sewer)
  8 orc warriors
  2 phantoms (D:7)
  An eye of draining (D:9)
  3 black bears
  5 ogres
  2 ice beasts
  5 centaurs
  A crocodile (D:10)
  Blork the orc (D:5)
  A gnoll sergeant (D:6)
  4 big kobolds
  13 bullfrogs
  4 scorpions
  10 killer bees
  4 wights
  A howler monkey (D:11)
  4 crimson imps
  2 quasits
  4 orc priests
  4 hounds
  2 jellies
  3 bullfrog skeletons
  2 iguanas
  16 orc wizards
  7 worker ants
  A hound zombie (D:7)
  2 hound skeletons (D:4)
  A howler monkey zombie (D:10)
  5 gnolls (D:6)
  A howler monkey skeleton (D:10)
  3 worker ant zombies
  8 adders
  2 shadow imps (D:8)
  18 white imps
  7 ufetubi (IceCv)
  2 oozes
  4 adder skeletons
  An adder zombie (D:7)
  2 worms
  2 dart slugs (D:1)
  6 leopard geckos
  57 orcs
  11 bats
  9 giant cockroaches
  9 goblins
  7 hobgoblins
  6 jackals
  2 quokkas
  A ball python (D:6)
  2 frilled lizards
  28 kobolds
  2 leopard gecko zombies
  7 rats
367 creatures vanquished.

Vanquished Creatures (others)
  A jelly (D:5)
  4 white imps (IceCv)
  4 ufetubi (IceCv)
9 creatures vanquished.

Grand Total: 376 creatures vanquished

Notes
Turn   | Place    | Note
-------+----------+-------------------------------------------
     0 | D:1      | Amplified the Demonspawn Earth Elementalist began the quest
                  | for the Orb.
     0 | D:1      | Reached XP level 1. HP: 13/13 MP: 3/3
   380 | D:1      | Gained mutation: You have sharp toenails. [demonic
                  | ancestry]
   380 | D:1      | Reached XP level 2. HP: 20/20 MP: 5/5
   727 | D:1      | Reached skill level 1 in Fighting
   727 | D:1      | Reached skill level 1 in Armour
  1222 | D:1      | Reached XP level 3. HP: 25/26 MP: 6/6
  1488 | D:2      | Found a shimmering altar of Xom.
  1488 | D:2      | Found an opulent altar of Gozag.
  1495 | D:2      | Found a blossoming altar of Fedhas.
  1533 | D:2      | Reached skill level 1 in Unarmed Combat
  1884 | D:3      | Gained mutation: You have a pair of small horns on your
                  | head. [demonic ancestry]
  1884 | D:3      | Reached XP level 4. HP: 22/33 MP: 3/7
  2125 | D:3      | Gained mutation: Your natural rate of healing is unusually
                  | fast. [potion of mutation]
  2125 | D:3      | Gained mutation: Your muscles are strong. (Str +2) [potion
                  | of mutation]
  2125 | D:3      | Gained mutation: You have very sharp teeth. [potion of
                  | mutation]
  2608 | D:4      | HP: 1/33 [orc priest/nerve-wracking pain (11)]
  2615 | D:4      | Reached skill level 2 in Fighting
  2615 | D:4      | Gained mutation: You have razor-sharp toenails. [demonic
                  | ancestry]
  2615 | D:4      | Reached XP level 5. HP: 3/38 MP: 3/8
  2982 | D:4      | Got a scorched ring mail
  2983 | D:4      | Identified the +3 ring mail "Udosh" {Int+4} (You found it
                  | on level 4 of the Dungeon)
  3451 | D:4      | Got a translucent whip
  3796 | D:5      | Entered Level 5 of the Dungeon
  3814 | D:5      | Found a staircase to the Ecumenical Temple.
  3826 | D:5      | Gained mutation: You have a pair of horns on your head.
                  | [demonic ancestry]
  3826 | D:5      | Reached XP level 6. HP: 46/46 MP: 9/9
  3853 | D:5      | Noticed Blork the orc
  3854 | Temple   | Entered the Ecumenical Temple
  3971 | Temple   | Identified the +9 whip of Conformity {flame, *Drain +Blink
                  | rF++ Int+4 Dex+2} (You found it on level 4 of the Dungeon)
  4015 | Temple   | Became a worshipper of Ashenzari the Shackled
  4053 | D:5      | Killed Blork the orc
  4053 | D:5      | Reached skill level 3 in Fighting
  4053 | D:5      | Reached skill level 1 in Maces & Flails
  4100 | D:5      | Noticed a slave
  4111 | D:5      | Noticed a slave
  4114 | D:5      | Noticed Pikel
  4116 | D:5      | Noticed a slave
  4121 | D:5      | Noticed a slave
  4133 | D:5      | Killed Pikel
  4133 | D:5      | Reached skill level 4 in Fighting
  4133 | D:5      | Reached XP level 7. HP: 35/55 MP: 10/10
  4206 | D:5      | Reached skill level 5 in Fighting
  4206 | D:5      | Gained mutation: You have a pair of large horns on your
                  | head. [demonic ancestry]
  4206 | D:5      | Reached XP level 8. HP: 41/62 MP: 11/11
  4257 | D:5      | Noticed Grinder
  4262 | D:5      | Learned a level 2 spell: Passwall
  4266 | D:5      | Learned a level 3 spell: Stone Arrow
  4272 | D:5      | Killed Grinder
  4690 | D:6      | Reached skill level 6 in Fighting
  4709 | D:6      | Noticed a +0 hand axe
  4709 | D:6      | Noticed a +0 hand axe
  4712 | D:6      | Found a hide-covered altar of Uskayaw.
  4834 | D:6      | Found Zin's Purification Station.
  4837 | D:6      | Found a glowing silver altar of Zin.
  4844 | D:6      | Bought a potion of curing for 90 gold pieces
  4868 | D:6      | Reached skill level 5 in Maces & Flails
  4896 | D:6      | Found a glowing drain.
  4932 | Sewer    | Entered a sewer
  4961 | Sewer    | Noticed Purgy
  4970 | Sewer    | Killed Purgy
  5082 | D:6      | Found Dimyt's Gadget Emporium.
  5085 | D:6      | Bought a wand of acid (7) for 242 gold pieces
  5117 | D:6      | Gained mutation: You sometimes gain a little power by
                  | taking damage. [demonic ancestry]
  5117 | D:6      | Reached XP level 9. HP: 71/71 MP: 12/12
  5186 | D:6      | Reached skill level 5 in Dodging
  5265 | D:6      | Got the long sword of Overwhelming Force {elec, rF+ Int+4}
  5489 | D:7      | Identified the +8 long sword of Overwhelming Force {elec,
                  | rF+ Int+4} (You found it on level 6 of the Dungeon)
  5513 | D:7      | Reached skill level 7 in Fighting
  5553 | D:7      | Reached skill level 5 in Armour
  5862 | D:7      | Reached skill level 8 in Fighting
  5866 | D:7      | Reached * piety under Ashenzari
  5891 | D:7      | Found a hazy altar of Hepliaklqana.
  6106 | D:8      | Gained mutation: When hurt, damage is shared between your
                  | health and your magic reserves. [demonic ancestry]
  6106 | D:8      | Reached XP level 10. HP: 76/80 MP: 13/13
  6204 | D:8      | Noticed Maurice
  6207 | D:8      | Noticed Maurice
  6207 | D:8      | Maurice changed into Maurice the hornet
  6213 | D:8      | Killed Maurice the hornet
  6709 | D:9      | Noticed a two-headed ogre
  6721 | D:9      | Killed a two-headed ogre
  6954 | D:9      | Reached ** piety under Ashenzari
  6970 | D:9      | Reached skill level 9 in Fighting
  7494 | D:10     | Entered Level 10 of the Dungeon
  7983 | D:10     | Gained mutation: You sometimes gain power by taking damage.
                  | [demonic ancestry]
  7983 | D:10     | Reached XP level 11. HP: 80/90 MP: 12/14
  8390 | D:11     | Noticed an eight-headed hydra
  8391 | D:11     | Found a frozen archway.
  8410 | D:11     | Killed an eight-headed hydra
  8410 | D:11     | Reached skill level 10 in Fighting
  8456 | D:11     | Found a shadowy altar of Dithmenos.
  8588 | D:11     | Found a staircase to the Lair.
  8698 | IceCv    | Entered an ice cave
  8936 | IceCv    | Reached *** piety under Ashenzari
  8945 | IceCv    | Noticed a reaper
  8964 | IceCv    | Killed a reaper
  9359 | D:11     | Reached skill level 11 in Fighting
  9363 | D:11     | Found a staircase to the Orcish Mines.
  9763 | D:12     | Gained mutation: You have sharp fingernails. [demonic
                  | ancestry]
  9763 | D:12     | Reached XP level 12. HP: 79/100 MP: 12/15
  9789 | D:12     | Reached skill level 1 in Evocations
  9818 | D:12     | Found a blossoming altar of Fedhas.
 10122 | D:12     | Noticed a deep elf annihilator
 10126 | D:12     | Noticed a four-headed hydra
 10127 | D:12     | Found a runed translucent gate.
 10127 | D:12     | Found a runed translucent gate.
 10127 | D:12     | Noticed Lynicrei's ghost (journeyman TrMo)
 10223 | D:12     | Found a runed translucent gate.
 10512 | D:13     | HP: 3/100 [killer bee (6)]
 10512 | D:13     | Slain by a killer bee

Levels and vault maps discovered:
D:1:      dpeg_arrival_ternary, layout_basic, chequers_serial_rivers_micro_e
D:2:      layout_basic, gammafunk_temple_overflow_forgotten
D:3:      layout_loops_ring, first_ration
D:4:      layout_gridville, minivault_26
D:5:      layout_rooms, minmay_temple_entry_ruins, kennysheep_nondescript,
          uniq_pikel, uniq_grinder, uniq_blork_the_orc
D:6:      wad_crossroads, layout_basic, dancing_weapons_uskayaw, zin_purify,
          portal_sewer_entry_c, serial_shops, shop
D:7:      layout_rooms, nicolae_overflow_hidden_temple
D:8:      layout_rooms, uniq_maurice
D:9:      layout_gridville
D:10:     layout_basic, serial_bayou_pond_b
D:11:     layout_basic, erik_lair_orcish_takeover, david_orc_2,
          portal_ice_cave_entry_imps, basic_altar
D:12:     layout_irregular_city, gammafunk_ghost_split, grunt_ogre_cave,
          lemuel_tele_altar
D:13:     layout_rooms, david_vaults_2, special_room [special_room_bee],
          enter_bailey_2, minmay_fractal_squares_diagonal_5
Temple:   nicolae_temple_elliptical

Skill      XL: |  1  2  3  4  5  6  7  8  9 10 11 12 |
---------------+-------------------------------------+-----
Dodging        | 2 3 4 5 6 7 |  7.9
Fighting       | 1 2 4 5 6 8 9 11 | 11.4
Armour         | 1 2 3 4 5 6 7 8 |  8.0
Unarmed Combat | 1 2 |  2.3
Maces & Flails | 3 5 6 8 9 |  9.9
Evocations     | 1 |  1.9
Stealth        | |  1.7
Spellcasting   | |  2.0
Transmutations | |  0.8
Earth Magic    | |  2.6

Action                   |  1- 3 |  4- 6 |  7- 9 | 10-12 || total
-------------------------+-------+-------+-------+-------++-------
Melee: Club              |    19 |       |       |       ||    19
       Unarmed           |   139 |   214 |       |       ||   353
       Kick              |    30 |    53 |    28 |       ||   111
       Headbutt          |       |    31 |    38 |   133 ||   202
       Bite              |       |    18 |    28 |    80 ||   126
       Whip              |       |    45 |   250 |   689 ||   984
       Punch             |       |       |     2 |     3 ||     5
Throw: Throwing net      |       |       |     2 |     1 ||     3
 Cast: Sandblast         |     8 |     4 |       |       ||    12
       Passwall          |       |       |       |     1 ||     1
Invok: Curse Item        |       |       |     3 |     1 ||     4
 Abil: Evoke Berserk Rag |       |       |       |     2 ||     2
Evoke: Wand              |       |     3 |       |     5 ||     8
  Use: Scroll            |     8 |     5 |     3 |     8 ||    24
       Potion            |     2 |     7 |     1 |     7 ||    17
 Stab: Sleeping          |     4 |     1 |     1 |       ||     6
       Invisible         |     1 |     1 |       |       ||     2
       Held in net/web   |       |       |     2 |     1 ||     3
  Eat: Chunk             |     3 |     4 |     7 |     8 ||    22
       Ration            |       |     1 |       |     2 ||     3
Armor: Robe              |    18 |       |       |       ||    18
       Ring mail         |    28 |   100 |    84 |   102 ||   314
       Leather armour    |       |     4 |       |       ||     4
       Crystal plate arm |       |       |       |   128 ||   128
Dodge: Dodged            |    94 |   201 |   174 |   375 ||   844
